 Dungeon Crawl Stone Soup version 0.14-a0-2632-gd2f732a (webtiles) character file.

233 Psiweapon the Ruffian (level 5, 0/53 HPs)
             Began as a Troll Chaos Knight on Feb 16, 2014.
             Was a Plaything of Xom.
             Slain by an orc
             ... wielding a +0,+0 orcish hand axe
             ... summoned by Xom
              (1 damage)
             ... on Level 3 of the Dungeon.
             The game lasted 00:07:25 (1547 turns).

Psiweapon the Ruffian (Troll Chaos Knight)          Turns: 1547, Time: 00:07:25

HP   0/53        AC  7     Str 21      XL: 5   Next:  9%
MP   2/2         EV 10     Int  6      God: Xom
Gold 84          SH  0     Dex  9      Spells:  0 memorised,  4 levels left

rFire  . . .     SeeInvis .       - Unarmed
rCold  . . .     Clarity  .     b - +2 robe (curse)
rNeg   . . .     Conserve .     (shield restricted)
rPois  .         rCorr    .     (helmet restricted)
rElec  .         rRot     .     (no cloak)
SustAb . .       Spirit   .     (gloves unavailable)
rMut   .         Warding  .     (boots unavailable)
Gourm  +         Rnd*Tele +     (no amulet)
MR     .....                    (no ring)
                                (no ring)

@: confused, not resistant to hostile enchantments, extremely unstealthy
A: unfitting armour, claws 3, dopey 1, fast metabolism 3, gourmand, regeneration
2, saprovore 2, shaggy fur 1, teleportitis 1, tough skin 2
a: Renounce Religion


You were on level 3 of the Dungeon.
You worshipped Xom.
You were a special plaything of Xom.
You were very full.

You visited 1 branch of the dungeon, and saw 3 of its levels.

You collected 84 gold pieces.

Inventory:

Hand weapons
 l - a +0,+0 orcish club
Missiles
 i - 2 steel darts
 j - 8 javelins of returning (quivered)
Armour
 b - a cursed +2 robe (worn)
Comestibles
 a - 2 meat rations
 g - a pear
 h - 3 cheeses
 m - 4 rotting chunks of jackal flesh
Scrolls
 c - 3 scrolls of amnesia
 p - a scroll of magic mapping {unknown}
Potions
 d - a potion of curing
 k - a potion of resistance {unknown}
 n - 2 potions of invisibility {unknown}
Carrion
 e - a rat skeleton


   Skills:
 + Level 3.2 Fighting
 + Level 1.5 Throwing
 + Level 2.9 Dodging
 + Level 3.9 Unarmed Combat


You had 4 spell levels left.
You didn't know any spells.

Dungeon Overview and Level Annotations

Branches:
Dungeon (3/16)

Altars:
Kikubaaqudgha


Innate Abilities, Weirdness & Mutations

You are too large for most types of armour.
You have claws for hands.
Your metabolism is lightning-fast.
You like to eat raw meat.
You heal very quickly.
You can eat rotten meat.
You are covered in fur (AC +1).
You have very tough skin (AC +2).
You are dopey. (Int -2)
Space occasionally distorts in your vicinity.


Message History

The orc hits you.
* * * LOW HITPOINT WARNING * * *
The orc wizard casts a spell.
The orc wizard seems to speed up.
The orc hits you with an orcish club.
* * * LOW HITPOINT WARNING * * *
The ball python closely misses you.
The orc hits you with an orcish hand axe.
* * * LOW HITPOINT WARNING * * *
You miss the orc wizard. The orc hits you with an orcish mace.
* * * LOW HITPOINT WARNING * * *
The orc priest prays to Xom.
You feel troubled. The orc barely misses you.
The orc wizard points at you and mumbles some strange words.
The puff of flame hits you!
* * * LOW HITPOINT WARNING * * *
The orc wizard hits you but does no damage.
The ball python barely misses you. The orc hits you with an orcish club.
* * * LOW HITPOINT WARNING * * *
The orc hits you with an orcish hand axe.
You die...

(... ....... .....(..
........# #........#
#.......o# #......sr#
##.....oSo###########
$......oo@ooo.........
........oooKo.........
....######o.........#
### #..........# # #
#..........#
#.######..........#
...................
....................
######..#######..##


You could see an orc priest, 3 orc wizards, a giant mite, 9 orcs, a quokka, a
ball python and a kobold.

Vanquished Creatures
  An orc wizard (D:3)
  4 adders
  A lemure (D:2)
  A shadow imp (D:2)
  An ooze (D:2)
  3 giant geckos
  An orc (D:3)
  A ball python (D:1)
  5 bats
  3 giant cockroaches
  13 hobgoblins
  12 jackals
  4 kobolds (D:1)
  2 giant newts (D:3)
  7 goblins
  22 rats
81 creatures vanquished.

Notes
Turn   | Place    | Note
--------------------------------------------------------------
     0 | D:1      | Psiweapon, the Troll Chaos Knight, began the quest for the Orb.
     0 | D:1      | Reached XP level 1. HP: 22/22 MP: 1/1
   169 | D:1      | XOM: harmless Ice miscast
   244 | D:1      | XOM: colour smoke trail
   297 | D:1      | Reached XP level 2. HP: 29/29 MP: 1/1
   480 | D:1      | XOM: divination: detect items
   521 | D:1      | Gained mutation: Space occasionally distorts in your vicinity. [potion of mutation]
   521 | D:1      | Gained mutation: You are dopey. (Int -2) [potion of mutation]
   864 | D:1      | XOM: harmless Ice miscast
   902 | D:2      | Reached XP level 3. HP: 36/36 MP: 2/2
   994 | D:2      | Reached skill level 1 in Throwing
  1070 | D:2      | Reached XP level 4. HP: 45/45 MP: 2/2
  1175 | D:2      | XOM: summons 2 hostile demons
  1325 | D:3      | XOM: mild Ice miscast
  1370 | D:3      | Found an ancient bone altar of Kikubaaqudgha.
  1541 | D:3      | XOM: confusion
  1542 | D:3      | XOM: summons 5 hostile shadow creatures
  1543 | D:3      | Reached XP level 5. HP: 27/53 MP: 2/2
  1547 | D:3      | HP: 2/53 [orc wizard/puff of flame[Xom] (4)]
  1547 | D:3      | Slain by an orc

Action                   |  1- 3 |  4- 6 || total
-------------------------+-------+-------++-------
Melee: Unarmed           |    97 |   110 ||   207
  Use: Potion            |     4 |     1 ||     5
       Scroll            |     3 |     3 ||     6
